 Dungeon Crawl Stone Soup version 0.25-a0-571-gb5e01bddfa (webtiles) character file.

Game seed: 15394168674643909257, levelgen mode: deterministic

27955 kae the Unseen (level 13, -3/74 HPs)
             Began as a Vampire Enchanter on Feb 29, 2020.
             Was the Champion of Dithmenos.
             Slain by a six-headed hydra (8 damage)
             ... on level 3 of the Lair of Beasts.
             The game lasted 00:23:53 (15338 turns).

kae the Unseen (Vampire Enchanter)                 Turns: 15338, Time: 00:23:53

Health: -3/74      AC:  9    Str: 10    XL:     13   Next: 7%
Magic:  0/23       EV: 17    Int: 18    God:    Dithmenos [******]
Gold:   1148       SH:  0    Dex: 16    Spells: 8/26 levels left

rFire    . . .     SeeInvis +   f - +2 dagger (venom)
rCold    + + +     Gourm    .   (no shield)
rNeg     + + +     Faith    .   p - +3 leather armour {rC+}
rPois    ∞         Spirit   +   o - +0 helmet
rElec    .         Reflect  .   l - +1 cloak
rCorr    .         Harm     .   (no gloves)
MR       +....                  (no boots)
Stlth    ++++++++++             q - amulet of guardian spirit
HPRegen  0.00/turn              r - ring "Gyheyxtal" {Slay+2 Stlth+}
MPRegen  0.18/turn              w - ring "Bequ" {rC+ Stlth+}

@: bloodless, wreathed by umbra
A: no food, fangs 3, see invisible, unbreathing
a: Bat Form, Revivify, Shadow Step, Shadow Form, Renounce Religion


You were on level 3 of the Lair of Beasts.
You worshipped Dithmenos.
Dithmenos was exalted by your worship.
You were bloodless.

You visited 2 branches of the dungeon, and saw 14 of its levels.

You collected 1148 gold pieces.

Inventory:

Hand Weapons
 a - a +1 dagger
 f - a +2 dagger of venom (weapon)
Armour
 l - a +1 cloak (worn)
 o - a +0 helmet (worn)
 p - a +3 leather armour of cold resistance (worn)
Jewellery
 q - an amulet of guardian spirit (around neck)
 r - the ring "Gyheyxtal" (left hand) {Slay+2 Stlth+}
   (You found it on level 11 of the Dungeon)

   [ring of stealth]

   It affects your accuracy and damage with ranged weapons and melee attacks
   (+2).
   It makes you more stealthy.
 w - the ring "Bequ" (right hand) {rC+ Stlth+}
   (You acquired it on level 10 of the Dungeon)

   [ring of protection from cold]

   It protects you from cold.
   It makes you more stealthy.
 D - an uncursed ring of protection from fire {unknown}
Wands
 b - a wand of acid (8)
 d - a wand of disintegration (19)
 g - a wand of polymorph (25)
 s - a wand of random effects (28)
 t - a wand of iceblast (21)
 u - a wand of paralysis (33)
 x - a wand of enslavement (12)
 y - a wand of flame (17)
Scrolls
 e - 4 scrolls of teleportation
 i - 2 scrolls of fog
 z - 7 scrolls of identify
 A - a scroll of fear
 B - 2 scrolls of remove curse
Potions
 c - 2 potions of magic
 h - 2 potions of heal wounds
 j - 3 potions of ambrosia
 k - a potion of flight
 m - a potion of invisibility
 n - 5 potions of haste
 v - 4 potions of curing
 C - a potion of might {unknown}


   Skills:
 + Level 6.1 Fighting
 + Level 13.5 Short Blades
 - Level 3.0 Armour
 + Level 7.9 Dodging
 + Level 16.4 Stealth
 - Level 7.2 Spellcasting
 - Level 11.4 Hexes


You had 8 spell levels left.
You knew the following spells:

 Your Spells              Type           Power        Failure   Level  Hunger
a - Corona                Hex            #####..      1%          1    N/A
b - Ensorcelled Hibernat  Hex/Ice        ####..       1%          2    N/A
c - Confusing Touch       Hex            #####...     1%          3    N/A
d - Tukima's Dance        Hex            #####...     1%          3    N/A
e - Dazzling Flash        Conj/Hex       ####..       4%          3    N/A
f - Invisibility          Hex            #####...     21%         6    N/A

Your spell library contained the following spells:

 Spells                   Type           Power        Failure   Level  Hunger
 Apportation              Tloc           #.....       14%         1    N/A
 Summon Butterflies       Summ           #.......     14%         1    N/A
 Summon Mana Viper        Hex/Summ       ####....     36%         5    N/A
 Call Canine Familiar     Summ           #.......     38%         3    N/A
 Lesser Beckoning         Tloc           #.........   38%         3    N/A
 Summon Ice Beast         Ice/Summ       #.......     80%         4    N/A
 Alistair's Intoxication  Tmut/Pois      #.......     98%         5    N/A
 Summon Hydra             Summ           #.........   100%        7    N/A

Dungeon Overview and Level Annotations

Branches:
Dungeon (11/15)            Temple (0/1) D:7            Lair (3/6) D:10
  Swamp (0/4) Lair:2        Snake (0/4) Lair:3          Orc (0/2) D:9

Altars:
Cheibriados
Dithmenos
Fedhas
Makhleb
Nemelex Xobeh
Okawaru
Qazlal
Ru
Trog
Uskayaw
Yredelemnul
Zin
The Shining One

Portals:
Abyss: D:7
Trove: D:11 (give +4 ice dragon scales)

Annotations:
D:7 2 transporters, Wiebster667's ghost, novice GnMo
Lair:1 exclusion: oklob plant


Innate Abilities, Weirdness & Mutations

You do not eat.
You do not regenerate when monsters are visible.
You are frail without blood (-20% HP).
You can heal yourself when you bite living creatures.
You are immune to poison.
You have razor-sharp teeth.
You have supernaturally acute eyesight. (SInv)
You can survive without breathing.


Message History

The six-headed hydra resists with almost no effort.
The six-headed hydra bites you! x2; You emit a cloud of dark smoke.
The six-headed hydra closely misses you.
The six-headed hydra bites you! The six-headed hydra misses you.
The six-headed hydra bites you!
* * * LOW HITPOINT WARNING * * *
Casting: Ensorcelled Hibernation (safe; 1% risk of failure)
Confirm with . or Enter, or press ? or * to list all spells.
Aiming: Ensorcelled Hibernation (safe; 1% risk of failure)
Press: ? - help, Shift-Dir - straight line, f/p - six-headed hydra
Aim: a six-headed hydra (black smoke, umbra, chance to defeat MR: 23%)
The six-headed hydra resists with almost no effort.
The six-headed hydra bites you.
* * * LOW HITPOINT WARNING * * *
The six-headed hydra closely misses you.
The six-headed hydra bites you.
* * * LOW HITPOINT WARNING * * *
The six-headed hydra bites you but does no damage.
The six-headed hydra bites you!
You die...

....##.........# ##..P## #
...............# ##....P###
#..............#.#.P.......
#.#............##P.....P##
#.<......#...........####
#......#..###..#.### #
###....§§§.## ## #..#####
#....#.#D##.# ####...##..
#.?.....##@#.####.##....#..
##.....^#§§§§............#.
....###.#..§§...##.......##
###. ##..#......#.##....# #
#....#........#...##
####.............#....#
##.##P....##.##.>.....##
##..........######....#.#
##..#..##.#### ##....≈≈##


You could see a six-headed hydra.

Vanquished Creatures
  Gastronok (Lair:1)
  2 hydras
  A two-headed ogre (D:9)
  A queen ant (Lair:2)
  An unseen horror (D:10)
  2 ugly things (D:11)
  A torpor snail (Lair:3)
  A gargoyle (D:7)
  3 spiny frogs
  2 kobold demonologists
  An efreet (D:11)
  2 guardian mummies (D:11)
  3 komodo dragons
  2 trolls
  A meliai (D:11)
  A hornet (D:11)
  5 blink frogs (Lair:1)
  3 hippogriffs
  Sigmund (D:2)
  A tarantella (shapeshifter) (D:11)
  2 shadows
  2 wyverns (D:11)
  13 yaks
  A human (D:8)
  A steam dragon (D:9)
  2 hungry ghosts (D:9)
  20 soldier ants (Lair:2)
  5 water moccasins
  4 porcupines
  4 orc warriors
  4 sky beasts
  3 black bears (D:8)
  2 necrophages
  2 phantoms
  4 ice beasts
  5 centaurs
  8 ogres
  A boggart (D:11)
  7 crocodiles
  22 big kobolds (D:10)
  6 bullfrogs
  A wyvern zombie (D:10)
  10 killer bees
  4 scorpions
  3 wights (D:9)
  3 electric eels (Lair:3)
  9 howler monkeys
  4 centaur zombies
  5 bullfrog zombies
  7 crimson imps
  9 hounds
  3 jellies
  2 bullfrog skeletons
  3 centaur skeletons
  8 orc priests
  Natasha (thrice) (D:2)
  3 iguanas
  10 orc wizards
  29 worker ants
  A killer bee zombie (D:9)
  5 hound zombies
  6 worker ant zombies
  A howler monkey zombie (D:6)
  Robin (D:2)
  A howler monkey skeleton (D:6)
  12 adders
  3 shadow imps
  3 oozes
  2 adder skeletons
  An adder zombie (D:6)
  6 worms
  2 dart slugs (D:2)
  7 leopard geckos
  47 orcs
  A ball python (D:3)
  3 bats
  6 giant cockroaches
  19 goblins
  13 hobgoblins
  23 jackals
  5 quokkas
  4 frilled lizards
  A giant cockroach zombie (D:6)
  8 kobolds
  A leopard gecko skeleton (D:6)
  A leopard gecko zombie (D:6)
  A quokka skeleton (D:6)
  A quokka zombie (D:6)
  5 rats
459 creatures vanquished.

Vanquished Creatures (collateral kills)
  A jackal (D:11)
1 creature vanquished.

Vanquished Creatures (others)
  A dancing weapon (D:9)
  A kobold (D:10)
  A fungus (Lair:3)
  3 plants (D:10)
6 creatures vanquished.

Grand Total: 466 creatures vanquished

Notes
Turn   | Place    | Note
-------+----------+-------------------------------------------
     0 | D:1      | kae the Vampire Enchanter began the quest for the Orb.
     0 | D:1      | Reached XP level 1. HP: 13/13 MP: 3/3
   395 | D:1      | Reached XP level 2. HP: 19/19 MP: 5/5
  1044 | D:1      | Learned a level 2 spell: Ensorcelled Hibernation
  1047 | D:2      | Reached XP level 3. HP: 23/24 MP: 3/6
  1103 | D:2      | Found a glowing golden altar of the Shining One.
  1108 | D:2      | Noticed an angel
  1122 | D:2      | Found a basalt altar of Yredelemnul.
  1124 | D:2      | Noticed a profane servitor
  1151 | D:2      | Reached skill level 5 in Stealth
  1474 | D:2      | Reached skill level 5 in Hexes
  1475 | D:2      | Noticed Robin
  1503 | D:2      | Killed Robin
  1503 | D:2      | Reached XP level 4. HP: 25/30 MP: 2/7
  1650 | D:2      | Noticed Sigmund
  1677 | D:2      | Killed Sigmund
  1677 | D:2      | Reached skill level 6 in Stealth
  1677 | D:2      | Reached XP level 5. HP: 5/35 MP: 2/9
  1695 | D:2      | Noticed Natasha
  1806 | D:2      | Found a sacrificial altar of Ru.
  1884 | D:2      | You fall into a shaft and drop 2 floors!
  1925 | D:4      | Reached XP level 6. HP: 40/41 MP: 10/10
  1968 | D:4      | Learned a level 3 spell: Confusing Touch
  2442 | D:3      | Found a stormy altar of Qazlal.
  2483 | D:2      | Killed Natasha
  2579 | D:2      | Noticed Natasha
  2586 | D:2      | Killed Natasha
  2586 | D:2      | Reached skill level 5 in Short Blades
  2641 | D:2      | Found a sacrificial altar of Ru.
  2719 | D:2      | Noticed Natasha
  2721 | D:2      | Killed Natasha
  2931 | D:2      | Found a glowing golden altar of the Shining One.
  2950 | D:2      | Found a basalt altar of Yredelemnul.
  3133 | D:3      | Reached XP level 7. HP: 45/46 MP: 12/12
  3171 | D:3      | Reached skill level 7 in Stealth
  3397 | D:3      | Found a shadowy altar of Dithmenos.
  3463 | D:3      | Became a worshipper of Dithmenos the Shadowed
  3825 | D:4      | Found a blossoming altar of Fedhas.
  4203 | D:4      | Found a burning altar of Makhleb.
  4354 | D:5      | Entered Level 5 of the Dungeon
  4397 | D:5      | Found a sparkling altar of Nemelex Xobeh.
  4631 | D:5      | Reached * piety under Dithmenos
  4631 | D:5      | Reached XP level 8. HP: 43/52 MP: 11/14
  4682 | D:5      | Reached skill level 8 in Stealth
  4943 | D:5      | Found a hide-covered altar of Uskayaw.
  5401 | D:6      | Found a burning altar of Makhleb.
  5401 | D:6      | Noticed a cacodemon
  5404 | D:6      | Noticed an orange demon
  5404 | D:6      | Noticed a hellwing
  5465 | D:6      | Reached ** piety under Dithmenos
  5596 | D:6      | Reached skill level 9 in Stealth
  5685 | D:6      | Reached skill level 5 in Spellcasting
  5953 | D:6      | Reached XP level 9. HP: 41/57 MP: 4/16
  6222 | D:7      | Learned a level 3 spell: Tukima's Dance
  6226 | D:7      | Learned a level 3 spell: Dazzling Flash
  6419 | D:7      | Found a glowing silver altar of Zin.
  6510 | D:7      | Found a transporter.
  6513 | D:7      | Found a transporter.
  6514 | D:7      | Noticed a brown ugly thing
  6524 | D:7      | Found a one-way gate to the infinite horrors of the Abyss.
  6524 | D:7      | Noticed Wiebster667's ghost (novice GnMo)
  6579 | D:7      | Found an iron altar of Okawaru.
  6765 | D:7      | Reached skill level 10 in Stealth
  6773 | D:7      | Reached *** piety under Dithmenos
  6811 | D:7      | Noticed a gargoyle
  6860 | D:7      | Killed a gargoyle
  6974 | D:7      | Found a staircase to the Ecumenical Temple.
  7259 | D:8      | Found a snail-covered altar of Cheibriados.
  7490 | D:8      | Reached skill level 10 in Hexes
  7521 | D:8      | Reached skill level 10 in Short Blades
  7521 | D:8      | Reached XP level 10. HP: 63/63 MP: 19/19
  7544 | D:8      | Reached skill level 11 in Stealth
  7655 | D:8      | Found a bloodstained altar of Trog.
  8212 | D:9      | Reached **** piety under Dithmenos
  8535 | D:9      | Found a staircase to the Orcish Mines.
  8856 | D:9      | Noticed a two-headed ogre
  8864 | D:9      | Killed a two-headed ogre
  9315 | D:9      | Reached skill level 12 in Stealth
  9556 | D:10     | Entered Level 10 of the Dungeon
  9557 | D:10     | Identified a scroll of acquirement
  9557 | D:10     | Identified the ring "Bequ" {rC+ Stlth+} (You acquired it on
                  | level 10 of the Dungeon)
  9557 | D:10     | Identified the +4 rapier of Demonkind {distort, rC- Dex+5}
                  | (You acquired it on level 10 of the Dungeon)
  9663 | D:10     | Found a staircase to the Lair.
  9905 | D:10     | Reached XP level 11. HP: 34/55 MP: 8/21
 10080 | D:10     | Noticed an unseen horror
 10084 | D:10     | Killed an unseen horror
 10084 | D:10     | Reached skill level 1 in Fighting
 10349 | D:10     | Reached ***** piety under Dithmenos
 10380 | D:10     | Reached skill level 1 in Armour
 10384 | D:10     | Reached skill level 13 in Stealth
 11049 | D:11     | Reached skill level 14 in Stealth
 11260 | D:11     | Got a scorched bronze ring
 11267 | D:11     | Got a glittering turquoise ring
 11816 | D:11     | Reached skill level 5 in Dodging
 11882 | D:11     | Noticed a cyan ugly thing
 12263 | D:11     | Killed a cyan ugly thing
 12263 | D:11     | Reached XP level 12. HP: 37/64 MP: 19/22
 12685 | D:11     | Found a portal to a secret trove of treasure.
 12819 | D:11     | Identified the ring "Qolos" {rPois rF+ MP-9 Stlth-} (You
                  | found it on level 11 of the Dungeon)
 12822 | D:11     | Identified the ring "Gyheyxtal" {Slay+2 Stlth+} (You found
                  | it on level 11 of the Dungeon)
 13114 | Lair:1   | Entered Level 1 of the Lair of Beasts
 13340 | Lair:1   | Reached skill level 15 in Stealth
 13527 | Lair:1   | Learned a level 6 spell: Invisibility
 13639 | Lair:1   | Noticed Gastronok
 13645 | Lair:1   | Killed Gastronok
 13906 | Lair:2   | Noticed a six-headed hydra
 13911 | Lair:2   | Killed a six-headed hydra
 14034 | Lair:2   | Noticed a queen ant
 14042 | Lair:2   | Reached skill level 5 in Fighting
 14050 | Lair:2   | Killed a queen ant
 14106 | Lair:2   | Reached skill level 16 in Stealth
 14114 | Lair:2   | Reached ****** piety under Dithmenos
 14154 | Lair:2   | Found a staircase to the Swamp.
 14752 | Lair:3   | Found a staircase to the Snake Pit.
 14995 | Lair:3   | Reached XP level 13. HP: 74/74 MP: 23/23
 15338 | Lair:3   | Slain by a six-headed hydra

Levels and vault maps discovered:
D:1:      dpeg_arrival_boxes_within_box, layout_basic
D:2:      layout_rooms, grunt_temple_overflow_holy_war, nicolae_ru_awakened_eye,
          uniq_natasha, uniq_sigmund, uniq_robin
D:3:      layout_basic, nicolae_overflow_crystal_walls,
          grunt_dithmenos_smoke_and_mirrors, first_ration, minmay_ruptured
D:4:      layout_rooms, overflow_temple_1_default, lemuel_doored_altar,
          enter_ossuary_2
D:5:      layout_rooms, nemelex_xobeh_ov_fountains_minmay, marbit_many_paths,
          minmay_holes
D:6:      layout_loops_corners, serial_undead, serial_undead_b, serial_undead_a,
          serial_undead_f, serial_undead_d, serial_undead_d, serial_undead_d,
          serial_undead_e, serial_undead_c, serial_undead_e, serial_undead_f,
          makhleb_altar_promises_db
D:7:      layout_loops_ring, zin_academy, temple_doors_e,
          gammafunk_ghost_abyssal_escape, okawaru_ov_weapons_minmay
D:8:      layout_rooms, trog_ov_bears_minmay, cheibrodos_worm_habitat,
          grunt_pizzeria, minmay_misc_feat_encased, st_stairs_13
D:9:      layout_long_grid, orc_0_dummy, minmay_misc_feat_plants
D:10:     layout_roguey [special_room_kobold], david_lair_shrubbed
D:11:     layout_loops_ring, nicolae_trove_entry_path_of_doom,
          chequers_serial_rivers_marsh, minivault_1,
          minmay_the_grid_square_5x5_3x3_mashed [minmay_the_grid_square_5x5_tie,
          minmay_the_grid_square_5x5_inner_z, minmay_the_grid_square_5x5_spiral,
          minmay_the_grid_square_5x5_corner,
          minmay_the_grid_square_5x5_megaprize_diamond,
          minmay_the_grid_square_5x5_dogpile,
          minmay_the_grid_square_5x5_minibox,
          minmay_the_grid_square_5x5_inner_i,
          minmay_the_grid_square_5x5_moneybag]
Lair:1:   layout_hall_layers, lemuel_fruit_fields, minmay_lair_oklob_chamber,
          uniq_gastronok
Lair:2:   layout_long_grid, swamp_mist_pool, minivault_29
Lair:3:   layout_layer_cave, dummy_snake_entry, serial_bayou_lagoon_b,
          infiniplex_staircase_pool

Skill      XL: |  1  2  3  4  5  6  7  8  9 10 11 12 |
---------------+-------------------------------------+-----
Short Blades   | 2 4 5 6 8 10 11 12 13 | 13.5
Stealth        | 5 6 7 9 10 12 14 16 | 16.4
Hexes          | 5 6 7 8 10 11 | 11.4
Spellcasting   | 3 4 5 6 7 |  7.2
Fighting       | 3 6 |  6.1
Dodging        | 5 7 |  7.9
Armour         | 2 3 |  3.0

Action                   |  1- 3 |  4- 6 |  7- 9 | 10-12 | 13-15 || total
-------------------------+-------+-------+-------+-------+-------++-------
Melee: Dagger            |   142 |   142 |   641 |   618 |    11 ||  1554
       Bite              |    10 |     6 |    69 |    51 |       ||   136
 Cast: Corona            |     5 |       |     3 |       |       ||     8
       Ensorcelled Hiber |     9 |    13 |    69 |   107 |     7 ||   205
       Confusing Touch   |       |     1 |    18 |    19 |       ||    38
       Tukima's Dance    |       |       |       |     2 |       ||     2
       Invisibility      |       |       |       |     1 |       ||     1
Invok: Shadow Step       |       |       |       |     1 |       ||     1
 Abil: Exsanguinate      |       |       |       |     1 |       ||     1
  Use: Scroll            |     3 |     2 |     8 |    10 |       ||    23
       Potion            |     1 |       |     1 |     4 |       ||     6
 Stab: Sleeping          |    12 |    12 |    56 |   169 |     5 ||   254
       Distracted        |       |     3 |       |     4 |       ||     7
       Confused          |       |       |    19 |    21 |       ||    40
       Invisible         |       |       |       |    28 |       ||    28
Armor: Robe              |    22 |    14 |       |       |       ||    36
       Skin              |    21 |       |       |       |       ||    21
       Troll leather arm |       |    12 |    33 |       |       ||    45
       Leather armour    |       |       |    81 |    94 |     6 ||   181
Dodge: Dodged            |    95 |    84 |   270 |   330 |    21 ||   800

Table legend:
 A = Non-vault XP
 B = Vault XP
 C = Vault XP percentage of total XP
 D = Non-vault monster count
 E = Vault monster count
 F = Vault count percentage of total count
                 A         B        C        D         E       F
            +---------+---------+-------+---------+---------+-------
      Total |   24425 |   15512 |  38.8 |     329 |     131 |  28.5
            +---------+---------+-------+---------+---------+-------
        D:1 |      32 |       0 |   0.0 |      18 |       0 |   0.0
        D:2 |     153 |     294 |  65.8 |      28 |      14 |  33.3
        D:3 |     318 |      42 |  11.7 |      30 |       5 |  14.3
        D:4 |     470 |       0 |   0.0 |      19 |       0 |   0.0
        D:5 |     458 |      20 |   4.2 |      19 |       1 |   5.0
        D:6 |     795 |     317 |  28.5 |      20 |      16 |  44.4
        D:7 |    1558 |       0 |   0.0 |      28 |       0 |   0.0
        D:8 |    1591 |     549 |  25.7 |      17 |       5 |  22.7
        D:9 |    2985 |       0 |   0.0 |      45 |       0 |   0.0
       D:10 |    2478 |    2707 |  52.2 |      28 |      25 |  47.2
       D:11 |    4184 |    4715 |  53.0 |      37 |      24 |  39.3
     Lair:1 |    2845 |    2203 |  43.6 |      13 |       1 |   7.1
     Lair:2 |    2211 |    4665 |  67.8 |       9 |      40 |  81.6
     Lair:3 |    4347 |       0 |   0.0 |      18 |       0 |   0.0
            +---------+---------+-------+---------+---------+-------
